 Dungeon Crawl Stone Soup version 0.24-a0-525-g9231cdc (webtiles) character file.

Game seed: 16252166114220174256

54898 Spazmo the Thaumaturge (level 14, -13/83 HPs)
             Began as a Deep Elf Fire Elementalist on July 30, 2019.
             Was a High Priest of Vehumet.
             Killed from afar by Jorgrun (49 damage)
             ... with a blast of rock fragments
             ... on level 12 of the Dungeon on July 31, 2019.
             The game lasted 01:18:41 (20132 turns).

Spazmo the Thaumaturge (DEFE)                      Turns: 20132, Time: 01:18:41

Health: -13/83     AC:  7    Str:  5    XL:     14   Next: 36%
Magic:  21/42      EV: 20    Int: 26    God:    Vehumet [*****.]
Gold:   1280       SH:  7    Dex: 15    Spells: 9/40 levels left

rFire    + + .     SeeInvis .   f - staff of poison
rCold    . . .     Gourm    .   r - +2 buckler
rNeg     . . .     Faith    +   m - +1 robe {MR+}
rPois    +         Spirit   .   s - +1 hat {MR+}
rElec    .         Reflect  .   N - scarf {rC+ rF+}
rCorr    .         Harm     .   d - +2 pair of gloves
MR       +++..                  (no boots)
Stlth    ++........             o - amulet of faith
HPRegen  0.23/turn              B - ring of magical power
MPRegen  0.28/turn              F - ring of fire

@: no status effects
A: no striking features
a: Renounce Religion


You were on level 12 of the Dungeon.
You worshipped Vehumet.
Vehumet was extremely pleased with you.
You were not hungry.

You visited 3 branches of the dungeon, and saw 19 of its levels.
You also visited: Ossuary.

You collected 1280 gold pieces.

Inventory:

Hand Weapons
 t - the +4 hand axe of Fundamental Breach {venom, Str+7}
   (You found it on level 6 of the Lair of Beasts)

   It poisons the flesh of those it strikes.
   It affects your strength (+7).
 y - a +3 dagger of electrocution
Missiles
 b - 794 stones (quivered)
Armour
 d - a +2 pair of gloves (worn)
 m - a +1 robe of magic resistance (worn)
 r - a +2 buckler (worn)
 s - a +1 hat of magic resistance (worn)
 x - a +0 robe of fire resistance
 N - a scarf of resistance (worn)
Magical Staves
 f - an uncursed staff of poison (weapon)
 M - an uncursed staff of wizardry
Jewellery
 o - an amulet of faith (around neck)
 q - an uncursed ring of wizardry
 v - a +2 ring of protection
 B - a ring of magical power (left hand)
 D - a +4 ring of evasion
 F - a ring of fire (right hand)
 G - an uncursed ring of protection from cold
 H - an uncursed ring of ice
Wands
 a - a wand of iceblast (23)
 J - a wand of digging (9)
Scrolls
 e - 18 scrolls of remove curse
 g - a scroll of fear
 h - 5 scrolls of fog
 j - 7 scrolls of enchant weapon
 l - 4 scrolls of teleportation
 n - 5 scrolls of identify
 p - a scroll of blinking
 E - 3 scrolls of amnesia
 L - 2 scrolls of magic mapping
 P - a scroll of noise {unknown}
Potions
 i - 6 potions of heal wounds
 k - 5 potions of curing
 u - 3 potions of agility
 w - 2 potions of brilliance
 z - a potion of invisibility
 A - 2 potions of resistance
 C - a potion of magic
 I - a potion of ambrosia
 K - a potion of flight
Comestibles
 c - 35 rations


   Skills:
 + Level 7.9 Fighting
 + Level 11.4 Dodging
 - Level 2.4 Stealth
 - Level 4.0 Shields
 - Level 13.5 Spellcasting
 - Level 11.4 Conjurations
 - Level 4.0 Summonings
 - Level 11.8 Fire Magic
 - Level 4.0 Air Magic
 - Level 10.8 Earth Magic


You had 9 spell levels left.
You knew the following spells:

 Your Spells              Type           Power        Failure   Level  Hunger
a - Flame Tongue          Conj/Fire      #####        1%          1    None
b - Throw Flame           Conj/Fire      ######       1%          2    None
c - Conjure Flame         Conj/Fire      #######.     1%          3    None
d - Sticky Flame          Conj/Fire      #######.     1%          4    None
e - Fireball              Conj/Fire      #######...   1%          5    ##.....
f - Iron Shot             Conj/Erth      ######....   1%          6    ####...
g - Summon Lightning Spi  Summ/Air       #####...     6%          4    None
h - Bolt of Fire          Conj/Fire      #######...   1%          6    ####...

Your spell library contained the following spells:

 Spells                   Type           Power        Failure   Level  Hunger
 Magic Dart               Conj           ####         1%          1    None
 Shock                    Conj/Air       ####         1%          1    None
 Sting                    Conj/Pois      ####         1%          1    None
 Summon Butterflies       Summ           #####...     1%          1    None
 Summon Small Mammal      Summ           ####         1%          1    None
 Call Imp                 Summ           #####...     1%          2    None
 Searing Ray              Conj           ######       1%          2    None
 Call Canine Familiar     Summ           #####...     1%          3    None
 Dazzling Spray           Conj/Hex       #####.       1%          3    None
 Inner Flame              Hex/Fire       ######..     1%          3    None
 Mephitic Cloud           Conj/Pois/Air  ######..     1%          3    None
 Static Discharge         Conj/Air       ######..     1%          3    None
 Airstrike                Air            #####.....   1%          4    None
 Force Lance              Conj/Tloc      #####...     1%          4    None
 Fulminant Prism          Conj/Hex       #####.....   1%          4    None
 Iskenderun's Mystic Bla  Conj           ######..     1%          4    None
 Lightning Bolt           Conj/Air       ######....   1%          5    ##.....
 Poisonous Vapours        Pois/Air       #####.       2%          2    None
 Swiftness                Chrm/Air       ####....     2%          2    None
 Venom Bolt               Conj/Pois      ######....   2%          5    ##.....
 Animate Skeleton         Necr           N/A          3%          1    None
 Apportation              Tloc           ###...       3%          1    None
 Confusing Touch          Hex            ###...       3%          1    None
 Infusion                 Chrm           ###.         3%          1    None
 Pain                     Necr           ###.         3%          1    None
 Petrify                  Tmut/Erth      #####...     3%          4    None
 Shroud of Golubria       Chrm/Tloc      ###...       4%          2    None
 Song of Slaying          Chrm           ###.....     4%          2    None
 Summon Guardian Golem    Hex/Summ       ####....     4%          3    None
 Olgreb's Toxic Radiance  Pois           ####....     9%          4    None
 Confuse                  Hex            ###.....     10%         3    None
 Gell's Gravitas          Tloc           ###.......   10%         3    None
 Lesser Beckoning         Tloc           ###.......   10%         3    None
 Regeneration             Chrm/Necr      ###.......   10%         3    None
 Spectral Weapon          Hex/Chrm       ###.....     10%         3    None
 Tukima's Dance           Hex            ###.....     10%         3    None
 Vampiric Draining        Necr           ###.......   10%         3    None
 Summon Ice Beast         Ice/Summ       ####....     14%         4    None
 Freezing Cloud           Conj/Ice/Air   #####.....   16%         6    ####...
 Yara's Violent Unravell  Hex/Tmut       ###.......   22%         5    ##.....
 Animate Dead             Necr           N/A          32%         4    None
 Alistair's Intoxication  Tmut/Pois      ####....     65%         5    ##.....
 Metabolic Englaciation   Hex/Ice        ###.......   65%         5    ##.....
 Ring of Flames           Chrm/Fire      ######....   94%         7    ######.
 Invisibility             Hex            ###.....     99%         6    ####...


Dungeon Overview and Level Annotations

Branches:
Dungeon (12/15)            Temple (1/1) D:5            Lair (6/6) D:8
 Shoals (0/4) Lair:2       Spider (0/4) Lair:2        Slime (0/5) Lair:5
    Orc (0/2) D:12

Altars:
Cheibriados
Elyvilon
Hepliaklqana
Kikubaaqudgha
Makhleb
Okawaru
Trog
Uskayaw
Vehumet
Wu Jian
Xom
Yredelemnul
Zin
Beogh

Shops:
D:7 (   D:9 =

Annotations:
D:3 3 runed translucent doors, felly21's ghost, amateur HuBe
D:12 Jorgrun
Lair:4 2 transporters, Huxuz's ghost, journeyman FoHu


Message History

Casting: Summon Lightning Spire (safe; 6% risk of failure)
Confirm with . or Enter, or press ? or * to list all spells.
Aiming: Iron Shot (safe; 1% risk of failure)
Press: ? - help, Shift-Dir - straight line, f - Jorgrun
Aim: Jorgrun, wielding a +0 quarterstaff of crushing and wearing a +2 robe of fire resistance The iron shot hits Jorgrun!!!
Jorgrun is moderately wounded.
Casting: Iron Shot (safe; 1% risk of failure)
Confirm with . or Enter, or press ? or * to list all spells.
Aiming: Iron Shot (safe; 1% risk of failure)
Press: ? - help, Shift-Dir - straight line, f/p - Jorgrun
Aim: Jorgrun, wielding a +0 quarterstaff of crushing and wearing a +2 robe of fire resistance (moderately wounded)
The iron shot hits Jorgrun!!!
Jorgrun is severely wounded.
Jorgrun casts a spell at your lightning spire.
The wall shatters!
The blast of rock fragments hits your lightning spire!!
The blast of rock fragments hits you!!!
Ouch! That really hurt!
You die...

./..#.#...+...........#####.##.#
....#.#.#.#....[.####.#####.##.##
.................................
..............##############.#.#.
###........##.# #...........#.
###.#.####.##.#####.#.######.###.
.##.#.# #.##............###.###.
.##.#.# #.##.###.###............
.##.#.####.##..8@......#.###.###.
.####..........g........)# #..#..
.#####.###.#....######...# ##.#..
.....).....#..#..).......## #.#..
.......#####..#..######...###..(.
............................##...
######.###.#..###########..###.#.
.......# .##...............# #.#.
#####..# #.############..# #...


You could see Jorgrun and a friendly lightning spire.

Vanquished Creatures
  Gastronok (Lair:2)
  2 dire elephants (Lair:6)
  Snorg (D:12)
  3 hydras
  Erica (Lair:2)
  An anaconda (Lair:6)
  A centaur warrior (D:10)
  3 two-headed ogres
  An orange crystal statue (D:11)
  Pikel (D:6)
  A cyclops (D:10)
  An ugly thing (D:11)
  3 manticores
  A deep elf mage (D:12)
  11 elephants (Lair:6)
  2 merfolk sirens (Lair:2)
  3 black mambas
  12 spiny frogs
  Psyche (D:10)
  A gargoyle (D:12)
  3 rime drakes (Lair:4)
  2 kobold demonologists
  11 komodo dragons
  2 trolls
  3 hornets
  2 merfolk (Lair:2)
  A meliai zombie (D:11)
  13 blink frogs
  9 hippogriffs
  Grinder (D:6)
  A redback (Lair:2)
  Sigmund (D:6)
  26 yaks
  A vampire (D:12)
  3 hungry ghosts
  Eustachio (D:4)
  3 wyverns
  A steam dragon (D:10)
  3 wraiths (Lair:5)
  3 fire bats (Lair:6)
  3 vampire mosquitoes (Lair:4)
  Menkaure (D:7)
  An insubstantial wisp (Lair:3)
  11 water moccasins
  2 soldier ants (D:10)
  9 porcupines
  A swamp drake (D:8)
  8 orc warriors
  4 ice beasts
  A slave (D:6)
  Purgy (D:4)
  2 sky beasts
  7 ogres
  A black bear (D:8)
  3 phantoms
  2 necrophages
  8 centaurs
  11 wolves
  7 crocodiles
  7 big kobolds
  Blork the orc (D:4)
  10 bullfrogs
  2 gnoll sergeants (D:8)
  A water moccasin zombie (Ossuary)
  5 scorpions
  6 killer bees (D:10)
  7 wights
  2 centaur zombies (Ossuary)
  5 howler monkeys
  5 crimson imps
  8 orc priests
  7 jellies
  3 bullfrog zombies (Ossuary)
  8 orc wizards
  11 hounds
  A centaur skeleton (D:11)
  4 iguanas
  Jessica (D:2)
  Natasha (thrice) (D:3)
  A bullfrog skeleton (D:9)
  6 worker ants
  5 hell rats (Lair:3)
  A hound zombie (Ossuary)
  2 worker ant zombies (Ossuary)
  A howler monkey zombie (Ossuary)
  19 mummies
  Robin (D:3)
  12 adders
  7 gnolls (D:8)
  5 oozes
  2 adder zombies (Ossuary)
  A worm (D:2)
  2 dart slugs (D:1)
  A leopard gecko (D:3)
  23 orcs
  8 bats
  2 giant cockroaches
  21 goblins
  21 hobgoblins
  15 jackals
  59 kobolds
  6 quokkas
  A ball python (D:2)
  8 frilled lizards
  A giant cockroach zombie (Ossuary)
  A goblin zombie (D:7)
  A hobgoblin zombie (D:7)
  A leopard gecko zombie (Ossuary)
  A quokka zombie (Ossuary)
  7 rats
  8 plants
571 creatures vanquished.

Vanquished Creatures (collateral kills)
  A dire elephant (Lair:6)
  Josephine (Lair:5)
  A catoblepas (Lair:6)
  4 elephants (Lair:6)
  4 black mambas
  3 spiny frogs
  A komodo dragon (Lair:6)
  4 blink frogs
  6 yaks
  A wraith (Lair:4)
  A basilisk (Lair:3)
  2 vampire mosquitoes (Lair:4)
  2 water moccasins
  4 wolves
  2 crocodiles
  A bullfrog (Lair:4)
  A scorpion (Lair:2)
  A fungus (Lair:6)
40 creatures vanquished.

Vanquished Creatures (others)
  12 fungi
  4 plants
16 creatures vanquished.

Grand Total: 627 creatures vanquished

Notes
Turn   | Place    | Note
-------+----------+-------------------------------------------
     0 | D:1      | Spazmo the Deep Elf Fire Elementalist began the quest for
                  | the Orb.
     0 | D:1      | Reached XP level 1. HP: 10/10 MP: 6/6
    86 | D:1      | Reached XP level 2. HP: 14/15 MP: 6/8
    90 | D:1      | Learned a level 2 spell: Throw Flame
   629 | D:1      | Reached XP level 3. HP: 19/19 MP: 6/10
   634 | D:1      | Learned a level 3 spell: Conjure Flame
   853 | D:2      | Reached skill level 4 in Spellcasting
  1036 | D:2      | Reached XP level 4. HP: 22/24 MP: 0/12
  1184 | D:2      | Learned a level 4 spell: Sticky Flame
  1234 | D:2      | Noticed Jessica
  1243 | D:2      | Killed Jessica
  1852 | D:3      | Noticed Robin
  1992 | D:3      | Found a runed translucent gate.
  1992 | D:3      | Found a runed translucent gate.
  1993 | D:3      | Found a runed translucent gate.
  1994 | D:3      | Noticed felly21's ghost (amateur HuBe)
  1996 | D:3      | Reached XP level 5. HP: 28/28 MP: 12/14
  2069 | D:3      | Noticed Natasha
  2212 | D:3      | Killed Natasha
  2212 | D:3      | Reached skill level 5 in Spellcasting
  2240 | D:3      | Noticed Natasha
  2246 | D:3      | Killed Natasha
  2471 | D:3      | Noticed Natasha
  2472 | D:3      | Reached skill level 5 in Fire Magic
  2475 | D:3      | Killed Natasha
  2475 | D:3      | Reached XP level 6. HP: 32/32 MP: 10/16
  2542 | D:3      | Killed Robin
  2897 | D:4      | Noticed Eustachio
  2905 | D:4      | Killed Eustachio
  2905 | D:4      | Reached skill level 6 in Spellcasting
  2906 | D:4      | Upgraded the game from 0.24-a0-521-g122614b to
                  | 0.24-a0-524-gf43b32f
  3048 | D:4      | Reached XP level 7. HP: 36/36 MP: 11/18
  3169 | D:4      | Reached skill level 5 in Conjurations
  3195 | D:4      | Noticed Blork the orc
  3200 | D:4      | Killed Blork the orc
  3232 | D:4      | Reached skill level 7 in Spellcasting
  3289 | D:4      | Noticed Purgy
  3312 | D:4      | Killed Purgy
  3357 | D:5      | Entered Level 5 of the Dungeon
  3392 | D:5      | Reached XP level 8. HP: 41/41 MP: 11/21
  3401 | D:5      | Learned a level 5 spell: Fireball
  3408 | D:5      | Found a staircase to the Ecumenical Temple.
  3417 | Temple   | Entered the Ecumenical Temple
  3485 | Temple   | Became a worshipper of Vehumet
  3564 | D:5      | Found a snail-covered altar of Cheibriados.
  3635 | D:5      | Got a shadowed robe
  3636 | D:5      | Identified the +3 robe of Juolilu {-Tele MR++ Dex+3} (You
                  | found it on level 5 of the Dungeon)
  3748 | D:5      | Found a burning altar of Makhleb.
  3752 | D:5      | Found an iron altar of Okawaru.
  3754 | D:5      | Found a basalt altar of Yredelemnul.
  3946 | D:6      | Reached skill level 8 in Spellcasting
  4053 | D:6      | Noticed Grinder
  4054 | D:6      | Paralysed by Grinder for 5 turns
  4062 | D:6      | Killed Grinder
  4082 | D:6      | Noticed Sigmund
  4082 | D:6      | Noticed Pikel
  4110 | D:6      | Killed Pikel
  4110 | D:6      | Reached skill level 9 in Spellcasting
  4153 | D:6      | Killed Sigmund
  4153 | D:6      | Reached XP level 9. HP: 45/45 MP: 8/24
  4690 | D:7      | Found Acint's Antique Weapon Shop.
  4691 | D:7      | Noticed Menkaure
  4849 | D:7      | Killed Menkaure
  4937 | D:7      | Reached skill level 10 in Spellcasting
  5055 | D:7      | Found a sand-covered staircase.
  5063 | Ossuary  | Entered an ossuary
  5075 | Ossuary  | Reached * piety under Vehumet
  5075 | Ossuary  | Offered knowledge of Shock by Vehumet.
  5902 | D:8      | Reached skill level 11 in Spellcasting
  6022 | D:8      | Reached ** piety under Vehumet
  6022 | D:8      | Offered knowledge of Magic Dart by Vehumet.
  6093 | D:8      | Reached XP level 10. HP: 25/50 MP: 27/27
  6348 | D:8      | Reached skill level 1 in Shields
  6367 | D:8      | Offered knowledge of Searing Ray by Vehumet.
  6462 | D:8      | Got a crude robe
  6463 | D:8      | Identified the +2 robe "Gaeqairgh" {Dex+6} (You found it on
                  | level 8 of the Dungeon)
  6502 | D:8      | Reached skill level 10 in Fire Magic
  6510 | D:8      | Reached *** piety under Vehumet
  6957 | D:8      | Found an iron altar of Okawaru.
  7003 | D:8      | Noticed a two-headed ogre
  7005 | D:8      | Noticed a two-headed ogre
  7022 | D:8      | Killed a two-headed ogre
  7041 | D:8      | Killed a two-headed ogre
  7041 | D:8      | Reached skill level 12 in Spellcasting
  7041 | D:8      | Reached skill level 10 in Conjurations
  7439 | D:8      | Found a staircase to the Lair.
  7812 | D:9      | Reached XP level 11. HP: 54/54 MP: 29/29
  7895 | D:9      | Offered knowledge of Ignite Poison by Vehumet.
  8198 | D:9      | Found Hawyp's Jewellery Shop.
  8343 | D:9      | Reached **** piety under Vehumet
  8606 | D:10     | Entered Level 10 of the Dungeon
  8657 | D:10     | Noticed Psyche
  8661 | D:10     | Offered knowledge of Olgreb's Toxic Radiance by Vehumet.
  8667 | D:10     | Killed Psyche
  9321 | D:10     | Reached skill level 13 in Spellcasting
  9378 | D:10     | HP: 1/54 [manticore (19)]
  9624 | D:10     | Noticed a centaur warrior
  9664 | D:10     | Killed a centaur warrior
  9836 | D:10     | Reached ***** piety under Vehumet
  9836 | D:10     | Offered knowledge of Iron Shot by Vehumet.
  9857 | D:10     | Learned a level 6 spell: Iron Shot
  9973 | D:8      | Reached skill level 1 in Earth Magic
 10028 | Lair:1   | Entered Level 1 of the Lair of Beasts
 10304 | Lair:1   | Learned a level 4 spell: Summon Lightning Spire
 10359 | Lair:1   | Reached skill level 1 in Summonings
 10359 | Lair:1   | Reached skill level 5 in Earth Magic
 10581 | Lair:1   | Reached skill level 1 in Air Magic
 10581 | Lair:1   | Reached XP level 12. HP: 59/59 MP: 31/31
 11692 | Lair:2   | Found a hole to the Spider Nest.
 11716 | Lair:2   | Found a staircase to the Shoals.
 11736 | Lair:2   | Noticed Gastronok
 11752 | Lair:2   | Killed Gastronok
 11926 | Lair:2   | Noticed Erica
 11930 | Lair:2   | Killed Erica
 12167 | Lair:2   | Reached skill level 10 in Earth Magic
 12788 | Lair:3   | Offered knowledge of Throw Icicle by Vehumet.
 13178 | Lair:3   | Reached skill level 1 in Fighting
 13178 | Lair:3   | Reached XP level 13. HP: 64/64 MP: 32/32
 13832 | Lair:4   | Reached skill level 5 in Dodging
 14293 | Lair:4   | Noticed Huxuz's ghost (journeyman FoHu)
 14352 | Lair:4   | Found a transporter.
 14362 | Lair:4   | Found a transporter.
 14930 | Lair:5   | Found a staircase to the Slime Pits.
 14932 | Lair:5   | Noticed Josephine
 14937 | Lair:5   | Offered knowledge of Bolt of Cold by Vehumet.
 14989 | Lair:5   | Killed Josephine
 15755 | Lair:6   | Entered Level 6 of the Lair of Beasts
 15777 | Lair:6   | Got a crude hand axe
 15778 | Lair:6   | Identified the +4 hand axe of Fundamental Breach {venom,
                  | Str+7} (You found it on level 6 of the Lair of Beasts)
 15779 | Lair:6   | Upgraded the game from 0.24-a0-524-gf43b32f to
                  | 0.24-a0-525-g9231cdc
 15795 | Lair:6   | Reached skill level 5 in Fighting
 15818 | Lair:6   | Found a dark tunnel.
 17551 | Lair:6   | Reached XP level 14. HP: 74/80 MP: 33/33
 17569 | Lair:6   | Reached skill level 10 in Dodging
 18807 | D:11     | Offered knowledge of Bolt of Fire by Vehumet.
 18831 | D:11     | Learned a level 6 spell: Bolt of Fire
 19178 | D:12     | Found a staircase to the Orcish Mines.
 19195 | D:12     | Found a roughly hewn altar of Beogh.
 19396 | D:12     | Noticed Snorg
 19404 | D:12     | Killed Snorg
 20098 | D:12     | Noticed Jorgrun
 20132 | D:12     | Killed from afar by Jorgrun

Levels and vault maps discovered:
D:1:      erik_arrival_gehennom, layout_loops_ring
D:2:      layout_loops_ring, first_ration, uniq_jessica
D:3:      layout_loops_cross, gammafunk_ghost_necromancy, uniq_robin,
          uniq_natasha
D:4:      layout_rooms, uniq_blork_the_orc, uniq_eustachio, uniq_purgy
D:5:      layout_rooms, minitemple, minmay_temple_entry_glass,
          kennysheep_small_square
D:6:      layout_loops_cross, uniq_sigmund, uniq_grinder, uniq_pikel
D:7:      layout_cave_pools, serial_shops, shop_statue,
          nicolae_ossuary_entry_giza, uniq_menkaure
D:8:      kennysheep_housing_project, layout_basic, erik_lair_dragon,
          basic_altar
D:9:      kennysheep_kobold_camp, layout_basic, serial_shops,
          kennysheep_little_box
D:10:     minmay_quarter_circles, layout_cave_pools, hangedman_pestilent_swarm,
          uniq_psyche
D:11:     layout_irregular_city, minivault_15
D:12:     layout_basic, minmay_orc_entry_temple_small, drop_trap, uniq_nergalle,
          uniq_snorg, uniq_jorgrun
Temple:   dpeg_five_rooms_temple
Lair:1:   wad_woods_structure_01, layout_chaotic_city, beast_lair_carwin_3
Lair:2:   layout_roguey, elwin_shoals_entry_stream, spider_nest_entry_rubble,
          serial_bayou_crossing, uniq_erica, uniq_gastronok
Lair:3:   layout_gridlike, lemuel_fruit_tree
Lair:4:   layout_roguey, gammafunk_ghost_arena, pond
Lair:5:   layout_roguey, nicolae_slime_entry_slimehenge, uniq_josephine
Lair:6:   due_jungle_book, layout_regular_city, nicolae_volcano_entry_batcave,
          serial_bayou_shore_b

Skill      XL: |  1  2  3  4  5  6  7  8  9 10 11 12 13 14 |
---------------+-------------------------------------------+-----
Conjurations   | 2 3 4 5 7 9 10 11 | 11.4
Fire Magic     | 4 5 6 8 9 10 11 | 11.8
Spellcasting   | 4 5 6 7 9 11 12 13 | 13.5
Shields        | 3 4 |  4.0
Earth Magic    | 5 10 | 10.8
Summonings     | 1 4 |  4.0
Air Magic      | 1 4 |  4.0
Dodging        | 3 9 11 | 11.4
Fighting       | 1 6 7 |  7.9
Stealth        | |  2.4

Action                   |  1- 3 |  4- 6 |  7- 9 | 10-12 | 13-15 || total
-------------------------+-------+-------+-------+-------+-------++-------
Melee: Staff             |       |       |     2 |     1 |     5 ||     8
       Flail             |       |       |    12 |       |       ||    12
       Dagger            |       |       |       |    32 |       ||    32
       Hand axe          |       |       |       |       |     1 ||     1
 Cast: Flame Tongue      |    73 |   105 |   177 |   428 |   225 ||  1008
       Throw Flame       |       |    15 |    34 |    73 |    32 ||   154
       Sticky Flame      |       |     1 |    20 |    83 |    62 ||   166
       Conjure Flame     |       |       |     1 |     4 |     1 ||     6
       Fireball          |       |       |       |    44 |    38 ||    82
       Iron Shot         |       |       |       |     8 |    30 ||    38
       Summon Lightning  |       |       |       |     7 |    36 ||    43
       Bolt of Fire      |       |       |       |       |     6 ||     6
Evoke: Wand              |       |       |       |     3 |     3 ||     6
  Use: Scroll            |     1 |     3 |    12 |     7 |     5 ||    28
       Potion            |       |     2 |     6 |     2 |     1 ||    11
  Eat: Chunk             |       |     6 |     8 |    22 |    22 ||    58
       Ration            |       |       |     1 |     1 |     3 ||     5
Armor: Robe              |     6 |     3 |     8 |    21 |    14 ||    52
Dodge: Dodged            |    20 |    20 |    55 |   132 |    80 ||   307
Block: Buckler           |       |       |     1 |    54 |    35 ||    90

Table legend:
 A = Non-vault XP
 B = Vault XP
 C = Vault XP percentage of total XP
 D = Non-vault monster count
 E = Vault monster count
 F = Vault count percentage of total count
                 A         B        C        D         E       F
            +---------+---------+-------+---------+---------+-------
      Total |   53880 |   24546 |  31.3 |     398 |     203 |  33.8
            +---------+---------+-------+---------+---------+-------
        D:1 |      32 |      19 |  37.3 |      17 |       5 |  22.7
        D:2 |     100 |      43 |  30.1 |      38 |       4 |   9.5
        D:3 |     160 |      68 |  29.8 |      18 |      11 |  37.9
        D:4 |     436 |     419 |  49.0 |      11 |       3 |  21.4
        D:5 |     356 |       0 |   0.0 |      10 |       0 |   0.0
        D:6 |     356 |    1070 |  75.0 |       6 |       3 |  33.3
        D:7 |     886 |     183 |  17.1 |      12 |       4 |  25.0
        D:8 |    3921 |    2005 |  33.8 |      29 |      34 |  54.0
        D:9 |    1192 |     126 |   9.6 |      32 |      21 |  39.6
       D:10 |    1353 |    5154 |  79.2 |      27 |      25 |  48.1
       D:11 |    4733 |     662 |  12.3 |      35 |       1 |   2.8
       D:12 |    3656 |    1345 |  26.9 |      20 |      15 |  42.9
     Lair:1 |    4792 |    2482 |  34.1 |      19 |      12 |  38.7
     Lair:2 |    4548 |    4835 |  51.5 |      27 |       7 |  20.6
     Lair:3 |    5119 |     163 |   3.1 |      30 |       1 |   3.2
     Lair:4 |    6824 |     816 |  10.7 |      28 |       6 |  17.6
     Lair:5 |    2322 |    1644 |  41.5 |      10 |      10 |  50.0
     Lair:6 |   13094 |    2627 |  16.7 |      29 |       8 |  21.6
    Ossuary |       0 |     885 | 100.0 |       0 |      33 | 100.0
            +---------+---------+-------+---------+---------+-------
